 Dungeon Crawl Stone Soup version 0.28-a0-413-gde365fb1df (webtiles) character file.

Game seed: 6393666430959916634

29 heikuro the Shield-Bearer (level 3, -2/29 HPs)
             Began as a Formicid Fighter on Sept 7, 2021.
             Succumbed to an adder's poison
             ... on level 2 of the Dungeon.
             The game lasted 00:02:03 (1621 turns).

heikuro the Shield-Bearer (Formicid Fighter)        Turns: 1621, Time: 00:02:04

Health: -2/29      AC: 11    Str: 19 (21) XL:     3   Next: 32%
Magic:  3/3        EV:  4    Int:  4 (7)  God:
Gold:   82         SH:  7    Dex:  7 (10) Spells: 2/2 levels left

rFire   . . .      SeeInvis +   a - +0 long sword
rCold   . . .      Faith    .   j - +0 kite shield
rNeg    . . .      Spirit   .   f - +0 plate armour
rPois   .          Reflect  .   (helmet unavailable)
rElec   .          Harm     .   (no cloak)
rCorr   .          Rampage  .   (no gloves)
Will    .....                   (no boots)
Stlth   ..........              h - amulet of the acrobat
HPRegen 0.09/turn               (no ring)
MPRegen 0.08/turn               (no ring)

@: lethally poisoned (-2 -> -12)
A: permanent stasis, dig shafts and tunnels, antennae 3, four strong arms
a: Dig, Shaft Self


You were on level 2 of the Dungeon.
You visited 1 branch of the dungeon, and saw 2 of its levels.

You collected 82 gold pieces.

Inventory:

Hand Weapons
 a - a +0 long sword (weapon)
 q - a +0 hand axe of electrocution
Missiles
 l - 25 poisoned darts
Armour
 f - a +0 plate armour (worn)
 j - a +0 kite shield (worn)
Jewellery
 e - a ring of positive energy
 h - an amulet of the acrobat (around neck)
Wands
 m - a wand of flame (17)
Scrolls
 b - a scroll of noise {unknown}
 c - a scroll of teleportation {unknown}
 i - a scroll of fear {unknown}
 k - 2 scrolls of enchant armour {unknown}
 n - a scroll of fog {unknown}
 o - a scroll of enchant weapon {unknown}
 p - a scroll of summoning {unknown}
Potions
 d - 2 potions of might
 g - a potion of degeneration


   Skills:
 + Level 3.5 Fighting
 * Level 2.7 Long Blades
 + Level 3.6 Armour
 + Level 4.0 Shields


You had 2 spell levels left.
You didn't know any spells.
Your spell library contained the following spells:

 Spells                   Type           Power      Damage    Failure   Level
 Ignite Poison            Fire/Tmut/Pois 0%         N/A       100%        3
 Mephitic Cloud           Conj/Pois/Air  0%         N/A       100%        3
 Freezing Cloud           Conj/Ice/Air   0%         6-21      100%        5


Dungeon Overview and Level Annotations

Branches:
Dungeon (2/15)

Altars:
Wu Jian


Innate Abilities, Weirdness & Mutations

You cannot be hasted, slowed, berserked, paralysed or teleported.
You can dig through walls and to a lower floor.
You have a pair of large antennae on your head. (SInv)
Your four strong arms can wield two-handed weapons with a shield.


Message History

You barely miss the adder.
The adder is lightly wounded.
You feel sick. You block the adder's attack.
The adder bites you but does no damage.
You slash the adder!
The adder is almost dead.
You feel sick. You block the adder's attack.
The adder bites you but does no damage.
You miss the adder.
The adder is almost dead.
You feel sick. The adder bites you.
You are more poisoned.
The adder poisons you!
You are too injured to fight recklessly!
You are too injured to fight recklessly!
You miss the adder.
The adder is almost dead.
You feel very sick. The adder barely misses you. The adder bites you.
* * * LOW HITPOINT WARNING * * *
You are lethally poisoned!
The adder poisons you!
* * * LOW HITPOINT WARNING * * *
You feel sick.
It was a potion of degeneration.
There was something very wrong with that liquid.
You feel weakened.
You feel dopey.
You feel clumsy.
* * * LOW HITPOINT WARNING * * *
You feel sick. The adder bites you.
* * * LOW HITPOINT WARNING * * *
You are more poisoned.
The adder poisons you! The adder bites you but does no damage.
Why would you want to do that? Why would you want to do that?
There is a lethal amount of poison in your body!
* * * LOW HITPOINT WARNING * * *
You feel sick.
You miss the adder.
The adder is almost dead.
You die...

#.....# ..# #.#
#.....# #.# #<#
#.....###.## ###
+....# .#
#.#..##.#
#.#...#.#
#.#.#.#.#
#.###.#.# #.#
#@#.# ########.#
#S#.# #........#
#...# #.########
##..#
##†###########.>#
#...........#####
####...........#
..##...........#
..##...........#


You could see an adder.

Vanquished Creatures
  A dart slug (D:1)
  4 bats
  5 endoplasms
  2 goblins
  2 hobgoblins
  2 quokkas (D:2)
  2 ball pythons
  2 frilled lizards
  A giant cockroach zombie (D:1)
  3 kobolds (D:1)
  A quokka zombie (D:1)
  2 rats
27 creatures vanquished.

Notes
Turn   | Place    | Note
-------+----------+-------------------------------------------
     0 | D:1      | heikuro the Formicid Fighter began the quest for the Orb.
     0 | D:1      | Reached XP level 1. HP: 18/18 MP: 1/1
   269 | D:1      | Reached XP level 2. HP: 24/24 MP: 2/2
   776 | D:1      | Found a faded altar of an unknown god.
  1172 | D:2      | Reached XP level 3. HP: 29/29 MP: 3/3
  1443 | D:2      | Found an ornate altar of the Wu Jian Council.
  1580 | D:2      | Reached skill level 4 in Shields
  1620 | D:2      | HP: 1/29 [poisoned by an adder]
  1621 | D:2      | Succumbed to an adder's poison

Illustrated notes

Levels and vault maps discovered:
D:1:      saegor_arrival_fortress, layout_basic,
          hellmonk_ecumenical_altar_lost_god
D:2:      layout_basic, basic_altar

Skill      XL: |  1  2  3 |
---------------+----------+-----
Shields        | 4 |  4.0
Fighting       | |  3.5
Long Blades    | |  2.7
Armour         | |  3.6

Action                   || total
-------------------------++-------
Melee: Long sword        ||    70
  Use: Potion            ||     1
Armor: Scale mail        ||     7
       Plate armour      ||    36
Dodge: Dodged            ||    15
Block: Buckler           ||     8
       Kite shield       ||    14

Table legend: (Time is in decaauts)
 A = Elapsed time spent in this place.
 B = Non-inter-level travel time spent in this place.
 C = Inter-level travel time spent in this place.
 D = Time resting spent in this place.
 E = Time spent auto-exploring this place.
 F = Levels seen in this place.
 G = Mean time per level.
                   A        B        C        D        E       F      G
               +--------+--------+--------+--------+--------+-----+--------+
         Total |   1646 |   1580 |     66 |      0 |   1279 |   2 |  823.0 |
       Dungeon |   1646 |   1580 |     66 |      0 |   1279 |   2 |  823.0 |
               +--------+--------+--------+--------+--------+-----+--------+

Top non-repeatable levels by time:
     D:1: 1140 daAuts
     D:2: 506 daAuts
